Map: Orbital Shipyard

Players

RepMeaSt (Semper) - Winner!

  • Race: Terran Terran
  • League: Master

Nerchio

  • Race: Zerg Zerg
  • League: Diamond

Event: ASL Season 5 Prime League LOTV Beta

VOD

Have the link to the VOD?

Description

Time

  • Played on: Sept. 9, 2015, 10:33 p.m.
  • Length: 10:56

All games in this series

Show
View Real Time Build Order
Export as new Build Order

RepMeaSt Terran - Winner!

Build Orders: MMM Bio 

Get SALT Encoding   

  12  0:01  SCV  
  13  0:13  SCV  
  14  0:18  Supply Depot  
  14  0:25  SCV  
  15  0:40  SCV  
  15  0:41  Barracks  
  16  0:44  Refinery  
  16  0:52  SCV  
  17  1:04  SCV  
  18  1:16  SCV  
  19  1:29  Orbital Command  
  19  1:30  Barracks Reactor  
  19  1:42  Command Center  
  19  1:52  Supply Depot  
  19  1:54  SCV  
  20  2:06  SCV, Reaper x2  
  23  2:18  SCV  
  24  2:28  Command Center  
  24  2:31  SCV  
  25  2:38  Reaper  
  25  2:42  Reaper  
  27  2:44  SCV  
  28  2:53  Orbital Command  
  28  2:56  SCV  
  29  3:06  Barracks  
  29  3:08  SCV  
  31  3:12  Reaper  
  31  3:19  Reaper  
  32  3:20  SCV  
  32  3:22  SCV, Refinery  
  32  3:23  Barracks  
  34  3:33  SCV  
  36  3:34  SCV  
  36  3:41  Orbital Command  
  36  3:52  SCV  
  36  3:53  Marine x2  
  36  3:55  Barracks Tech Lab  
  39  3:58  SCV  
  39  4:00  Refinery  
  40  4:06  SCV  
  40  4:08  SCV  
  42  4:10  SCV  
  42  4:11  Barracks Reactor, Marine  
  42  4:12  Marine  
  42  4:14  Marine  
  42  4:15  Stimpack  
  46  4:18  SCV  
  46  4:19  Supply Depot  
  46  4:20  SCV  
  48  4:24  Refinery  
  48  4:25  SCV  
  48  4:29  Marine x2  
  48  4:30  SCV  
  52  4:33  Factory  
  52  4:34  Orbital Command  
  52  4:36  Marine  
  54  4:40  SCV  
  54  4:42  SCV  
  54  4:43  Engineering Bay  
  55  4:47  Engineering Bay, Marine  
  55  4:48  Marine  
  55  4:49  Marine x2  
  55  4:52  SCV  
  60  4:54  SCV  
  63  5:00  SCV  
  63  5:02  Supply Depot  
  63  5:04  SCV  
  63  5:05  Marine  
  63  5:06  Marine  
  63  5:07  SCV  
  67  5:09  Marine x2  
  67  5:10  Marauder  
  67  5:12  SCV  
  69  5:20  Starport, Factory Reactor  
  69  5:22  SCV x2  
  69  5:23  Marine  
  69  5:24  Bunker, Marine  
  69  5:25  SCV, Supply Depot  
  69  5:26  Supply Depot, Bunker  
  74  5:28  Marine x2  
  74  5:32  Terran Infantry Weapons Level 1  
  74  5:34  SCV, Terran Infantry Armor Level 1  
  76  5:39  SCV  
  79  5:42  Marauder  
  79  5:43  SCV  
  79  5:46  SCV  
  81  5:56  Supply Depot, Marine x2  
  83  5:59  SCV  
  83  6:01  SCV  
  83  6:04  Factory Tech Lab, Medivac x2  
  85  6:09  Marine x2  
  85  6:10  Marauder  
  93  6:11  SCV x2  
  93  6:13  SCV  
  93  6:14  Supply Depot x2  
  96  6:20  Command Center  
  96  6:23  Armory, Refinery, SCV  
  97  6:32  Marine  
  95  6:40  Marine x3  
  95  6:42  Marauder, Medivac x2  
  95  6:43  Siege Tank  
  95  6:46  SCV x2  
  107  6:48  Barracks  
  107  6:49  Barracks, Marine  
  107  6:54  SCV, Liberator  
  109  6:55  Liberator  
  109  6:57  Combat Shields  
  109  6:58  SCV x2, Marine  
  112  7:01  Marine x2  
  112  7:06  SCV  
  112  7:08  Marauder  
  117  7:10  SCV x2  
  117  7:12  Supply Depot x3  
  125  7:27  Supply Depot  
  125  7:29  Supply Depot  
  125  7:32  Siege Tank  
  125  7:35  Marine  
  125  7:36  Marine  
  116  7:53  Marine  
  116  7:54  Medivac  
  116  7:55  Medivac  
  117  7:59  Marine  
  117  8:02  Marine  
  117  8:04  Marine  
  121  8:06  Barracks Reactor, Barracks Tech Lab  
  121  8:07  Liberator  
  121  8:08  SCV x2  
  121  8:09  Terran Infantry Weapons Level 2, Terran Infantry Armor Level 2  
  121  8:10  Barracks  
  121  8:11  Supply Depot x2  
  115  8:13  Supply Depot, Barracks x2  
  115  8:16  Marine  
  115  8:19  Marine  
  113  8:20  Marine  
  113  8:21  Marine  
  113  8:22  Liberator, Marine  
  113  8:23  Siege Tank  
  113  8:24  Marauder  
  113  8:25  SCV  
  125  8:28  SCV  
  125  8:32  Supply Depot  
  125  8:34  Marine  
  127  8:36  Marine  
  127  8:39  Marauder  
  133  8:42  SCV x2  
  133  8:43  Refinery  
  133  8:46  SCV, Starport  
  136  8:52  Marine x6  
  136  8:53  Liberator  
  136  8:54  Marine  
  143  8:57  Siege Tank  
  143  8:58  Command Center  
  143  9:00  Marauder  
  151  9:10  Marine x3  
  151  9:11  Marauder  
  151  9:13  Barracks Tech Lab x2  
  151  9:14  Marine  
  151  9:15  Marine  
  158  9:22  Marine x2, Marauder  
  159  9:27  Marine  
  159  9:28  Starport Reactor, Marine x2  
  159  9:29  Siege Tank  
  165  9:32  Marine x2, Marauder  
  165  9:33  Marine x2  
  162  9:40  Marine x2  
  162  9:42  Planetary Fortress  
  162  9:43  Marauder  
  162  9:45  Marine x2  
  165  9:46  Marine  
  165  9:50  Marine x2  
  165  9:51  Marauder  
  165  9:52  Marauder  
  174  9:53  Marine  
  174  9:55  Concussive Shells  
  174  9:57  SCV  
  174  9:58  Missile Turret, Marine x2  
  178  10:01  SCV  
  178  10:02  Command Center  
  178  10:03  Refinery x2, Marine x2  
  178  10:04  Marine  
  178  10:05  Marauder  
  184  10:08  Marine x2  
  184  10:11  Marauder  
  184  10:13  Marauder, Marine  
  188  10:15  Marine  
  189  10:23  Marine  
  189  10:26  Marine x3, Marauder  
  187  10:31  Marauder  
  187  10:34  Marauder x2, Marine x2  
Show
View Real Time Build Order
Export as new Build Order

Nerchio Zerg 

Build Orders: Hatch First 

Get SALT Encoding   

  12  0:01  Drone  
  13  0:12  Overlord  
  13  0:18  Drone  
  14  0:31  Drone x2  
  14  0:34  Drone  
  17  0:52  Hatchery  
  17  0:55  Drone  
  17  0:59  Extractor  
  17  1:00  Drone  
  17  1:14  Spawning Pool  
  17  1:18  Drone  
  17  1:21  Drone  
  18  1:28  Drone  
  19  1:38  Overlord  
  19  1:51  Drone  
  20  2:00  Metabolic Boost  
  20  2:01  Queen  
  22  2:02  Zergling x2  
  22  2:06  Queen  
  25  2:12  Drone x2  
  28  2:15  Drone  
  29  2:22  Drone  
  29  2:25  Drone  
  30  2:35  Drone  
  30  2:36  Drone  
  32  2:48  Hatchery  
  32  2:50  Queen  
  32  2:58  Overlord  
  32  3:00  Drone  
  32  3:01  Drone x2  
  35  3:13  Zergling x2  
  35  3:16  Zergling x8  
  35  3:17  Zergling x6  
  43  3:25  Overlord  
  42  3:50  Drone  
  42  3:51  Drone  
  42  3:52  Drone x7  
  42  3:55  Drone  
  51  3:57  Roach Warren  
  51  3:59  Queen  
  51  4:00  Extractor  
  51  4:01  Overlord  
  51  4:06  Overlord  
  51  4:07  Drone  
  52  4:11  Drone x2  
  52  4:12  Lair  
  52  4:13  Drone x2  
  52  4:14  Extractor  
  52  4:15  Drone  
  56  4:18  Drone x2  
  56  4:20  Drone  
  56  4:23  Drone  
  56  4:24  Drone  
  61  4:29  Drone  
  62  4:34  Extractor  
  60  4:40  Roach x3  
  60  4:41  Roach x3  
  72  4:50  Overlord  
  72  4:52  Overlord  
  72  5:11  Roach x2  
  72  5:12  Roach  
  78  5:14  Drone x4  
  78  5:15  Drone x6, Glial Reconstitution  
  78  5:18  Extractor  
  87  5:26  Overlord  
  87  5:28  Overlord  
  87  5:38  Drone x5  
  87  5:40  Overlord  
  89  5:43  Hatchery  
  89  5:45  Drone  
  89  5:46  Evolution Chamber, Drone x3  
  89  5:47  Evolution Chamber, Drone  
  89  5:49  Drone  
  92  5:50  Drone  
  92  5:52  Drone x2  
  92  5:53  Drone  
  92  5:56  Drone x2  
  98  5:57  Drone  
  98  6:02  Drone x3  
  102  6:04  Extractor  
  102  6:09  Baneling Nest, Infestation Pit  
  99  6:12  Roach  
  99  6:13  Roach x3  
  99  6:15  Roach  
  99  6:17  Roach  
  111  6:20  Overlord  
  111  6:22  Zerg Melee Weapons Level 1  
  111  6:24  Overlord  
  109  6:36  Drone  
  109  6:37  Drone  
  109  6:39  Roach x6  
  121  6:40  Overlord  
  121  6:44  Drone x2  
  123  6:48  Zerg Ground Armor Level 1  
  123  6:51  Ravager x2  
  123  6:52  Ravager  
  126  6:55  Overlord x2  
  126  6:56  Drone x2  
  126  6:57  Drone x2  
  126  6:59  Overlord  
  126  7:00  Drone  
  126  7:01  Drone  
  132  7:03  Drone x2  
  132  7:06  Drone  
  132  7:07  Drone x3  
  139  7:08  Drone  
  139  7:10  Pneumatized Carapace  
  139  7:15  Centrifical Hooks  
  139  7:19  Hive  
  139  7:28  Zergling x6  
  139  7:29  Zergling x16  
  146  7:36  Zergling x4  
  147  7:37  Zergling x2  
  147  7:41  Zergling x2  
  147  7:42  Zergling x2  
  150  7:49  Drone x6  
  137  7:52  Zergling x2  
  128  8:03  Drone x2  
  128  8:04  Drone x2  
  127  8:09  Zergling x4  
  127  8:10  Zergling x4  
  127  8:13  Zergling x4  
  127  8:16  Queen  
  127  8:17  Queen  
  127  8:18  Queen  
  133  8:22  Roach x4  
  133  8:25  Zerg Melee Weapons Level 2  
  133  8:26  Baneling  
  133  8:27  Baneling x10  
  141  8:28  Roach  
  141  8:33  Roach x2  
  141  8:34  Roach  
  149  8:35  Roach  
  149  8:36  Ultralisk Cavern  
  150  8:42  Roach  
  150  8:44  Roach x2  
  150  8:47  Roach  
  158  8:51  Queen  
  158  8:52  Roach  
  162  8:57  Roach x2  
  162  8:59  Spire  
  160  9:09  Overlord  
  160  9:10  Extractor  
  160  9:11  Overlord x2  
  160  9:15  Overlord  
  157  9:18  Overlord  
  157  9:25  Chitinous Plating  
  157  9:29  Ultralisk x2  
  157  9:30  Ultralisk  
  170  9:43  Drone  
  170  9:44  Drone x3  
  170  9:45  Drone x2  
  168  9:50  Extractor  
  168  9:51  Queen  
  167  10:01  Hatchery  
  166  10:09  Zergling x34  
  166  10:10  Zergling x4  
  184  10:17  Spore Crawler  
  184  10:18  Spore Crawler x2  
  187  10:22  Zergling x2  
  187  10:23  Zergling x4  
Tags
 
Add a new tag
Caveats
  • Supply blocks, unpowered buildings, or Contaminate may cause inaccurate times.
  • Supply counts are checked every 10 seconds.